 Dungeon Crawl Stone Soup version 0.30-a0-782-ge64f9170bb (webtiles) character file.

Game seed: 14374886053217124348

124 sanka the Shooter (level 4, -1/37 HPs)
             Began as a Demigod Hunter on Feb 23, 2023.
             Slain by Natasha (3 damage)
             ... on level 2 of the Dungeon.
             The game lasted 00:02:04 (807 turns).

sanka the Shooter (Demigod Hunter)                   Turns: 807, Time: 00:02:04

Health: -1/37      AC:  4    Str: 12    XL:     4   Next: 52%
Magic:  6/6        EV: 12    Int: 11    God:
Gold:   59         SH:  0    Dex: 21    Spells: 3/3 levels left

rFire   . . .      SeeInvis .    a - +0 shortbow
rCold   . . .      Faith    .    (shield currently unavailable)
rNeg    . . .      Spirit   .    c - +0 leather armour
rPois   .          Reflect  .    (no helmet)
rElec   .          Harm     .    h - +0 cloak
rCorr   .          Rampage  .    (no gloves)
Will    .....                    (no boots)
Stlth   ++                       (no amulet)
HPRegen 0.26/turn                (no ring)
MPRegen 0.10/turn                (no ring)

@: no status effects
A: high MP 1, forlorn, divine attributes
a: no special abilities


You were on level 2 of the Dungeon.
You visited 1 branch of the dungeon, and saw 2 of its levels.

You collected 59 gold pieces.


Innate Abilities, Weirdness & Mutations

You have an increased reservoir of magic. (+10% MP)
You shall have no god before yourself.
Your divine heritage dramatically boosts your attributes as you level up.


   Skills:
 + Level 2.9 Fighting
 * Level 5.1 Ranged Weapons
 - Level 1.7 Dodging
 - Level 0.8 Stealth


You had 3 spell levels left.
You didn't know any spells.
Your spell library contained the following spells:

 Spells                   Type           Power      Damage    Failure   Level
 Ensorcelled Hibernation  Hex/Ice        0%         N/A       56%         2
 Passwall                 Tmut/Erth      0%         N/A       56%         2
 Swiftness                Air            0%         N/A       80%         3

Inventory:

Hand Weapons
 a - a +0 shortbow (weapon)
Armour
 c - a +0 leather armour (worn)
 h - a +0 cloak (worn)
Scrolls
 b - 2 scrolls of immolation {!r}
 f - 2 scrolls of identify {unknown}
 g - a scroll of teleportation {unknown}
 j - a scroll of brand weapon {unknown}
Potions
 d - 3 potions of mutation {unknown}
 e - 3 potions of heal wounds {unknown}
 i - a potion of brilliance {unknown}
 k - a potion of degeneration {unknown}

Dungeon Overview and Level Annotations

Branches:
Dungeon (2/15)

Annotations:
D:2 Natasha

▒.▒.▒.....▒..▒▒ ▒...
.▒▒......▒......▒▒▒...
........▒...PP..▒▒▒▒▒
▒...........)..▒
▒....▒.▒..♣P...▒
▒▒▒▒.▒......P....▒
▒......†..)......▒
▒.....h▒▒.......▒▒
▒....p▒.▒.▒.....▒
▒▒▒▒▒▒5.▒.......▒
▒5r▒▒▒...†.▒
▒..........▒
...▒▒▒▒▒▒.▒▒ ..... ..
....... .▒. ▒........
▒▒▒▒▒▒▒▒..


You could see Natasha, a crimson imp (summoned), a shadow imp (summoned) and a
quokka.


Message History

Natasha claws you but does no damage. The shadow imp hits you.
* * * LOW HITPOINT WARNING * * *
Natasha claws you.
* * * LOW HITPOINT WARNING * * *
Fire: a) +0 shortbow
Aim: Natasha (lightly wounded, 59% to hit)
You shoot an arrow. The arrow misses Natasha.
You feel sick.
You are no longer poisoned.
A quokka comes into view.
The shadow imp misses you.
Natasha stares at you and mumbles some strange words.
You resist with some effort.
Fire: a) +0 shortbow
Aim: Natasha (lightly wounded, 59% to hit)
You shoot an arrow. The arrow hits Natasha!
Natasha is severely wounded.
The shadow imp hits you.
* * * LOW HITPOINT WARNING * * *
Natasha misses you.
Unknown command.
Fire: a) +0 shortbow
Aim: Natasha (severely wounded, 59% to hit)
You shoot an arrow. The arrow closely misses Natasha.
Natasha claws you.
You die...

Action                     |  1- 3 |  4- 6 || total
---------------------------+-------+-------++-------
   Fire: Shortbow          |   134 |    16 ||   150
 Armour: Leather armour    |    15 |     4 ||    19
  Dodge: Dodged            |    57 |     7 ||    64

Levels and vault maps discovered:
D:1:      onia_arrival_mini_maze, layout_rooms
D:2:      layout_basic, serial_park_tiny_2, palyth_stone_intersect,
          uniq_jessica, uniq_natasha

Notes
Turn   | Place    | Note
-------+----------+-------------------------------------------
     0 | D:1      | sanka the Demigod Hunter began the quest for the Orb.
     0 | D:1      | Reached XP level 1. HP: 17/17 MP: 3/3
   108 | D:1      | Reached skill level 2 in Fighting
   165 | D:1      | Reached XP level 2. HP: 24/24 MP: 4/4
   169 | D:1      | Reached skill level 4 in Ranged Weapons
   521 | D:1      | Reached XP level 3. HP: 27/30 MP: 5/5
   731 | D:2      | Noticed Natasha
   733 | D:2      | Killed Natasha
   740 | D:2      | Reached XP level 4. HP: 36/37 MP: 6/6
   767 | D:2      | Noticed Jessica
   768 | D:2      | Killed Jessica
   769 | D:2      | Reached skill level 5 in Ranged Weapons
   791 | D:2      | Noticed Natasha
   806 | D:2      | HP: 1/37 [shadow imp[Natasha] (5)]
   807 | D:2      | Slain by Natasha

Vanquished Creatures
  Jessica (D:2)
  Natasha (D:2)
  3 adders (D:2)
  A worm (D:1)
  A ball python (D:2)
  4 endoplasms
  A giant cockroach (D:1)
  5 goblins (D:1)
  8 hobgoblins
  2 kobolds
  5 quokkas
  3 bats
  A frilled lizard (D:1)
  6 rats
42 creatures vanquished.
